AoeStats
← 知耻而后勇喜笑颜开

Arabia

507872870Analyzed
1v1 RM · 12d ago on Sep 20, 2026· 43m 35s· 2 players
Game mode
Random Map
Map size
Tiny (2 player)
Population
200
Speed
Normal
Resources
Standard
Victory
Conquest
Starting age
Dark Age
Ending age
Imperial Age
RankedLock teamsTeams togetherTeam positionsShared explorationLock speedFull tech treeHidden civsTurbo modeCheats
Victory
Defeat
1415
+18
🇸🇬 Lithuanians · Singapore
1452
-18
知耻而后勇喜笑颜开
6:36 Loom
7:12 Loom
9:27 Feudal Age
9:54 Double-Bit Axe
10:32 Town Watch
11:23 Wheelbarrow
16:35 Scale Barding Armor
21:36 Castle Age
20:03 Gold Mining
20:49 Forging
21:28 Fletching
22:28 Bow Saw
21:59 Horse Collar
22:43 Heavy Plow
22:48 Bodkin Arrow
27:39 Pikeman
33:38 Squires
35:03 Gold Shaft Mining
34:18 Stone Mining
34:39 Scale Mail Armor
35:54 Iron Casting
35:59 Ballistics
42:52 Imperial Age
41:59 Masonry
41:49 Murder Holes
42:38 Chain Mail Armor
42:50 Masonry
43:35 Bracer
44:38 Crop Rotation
ThisisZeno
6:32 Loom
9:00 Feudal Age
9:49 Double-Bit Axe
21:12 Castle Age
19:53 Horse Collar
20:49 Forging
20:42 Gold Mining
21:31 Scale Barding Armor
23:29 Bow Saw
26:34 Heavy Plow
28:31 Husbandry
29:33 Devotion
31:39 Chain Barding Armor
31:55 Iron Casting
32:03 Bloodlines
33:06 Wheelbarrow
41:34 Imperial Age
42:54 Imperial Age
41:30 Padded Archer Armor
41:21 Fletching
43:17 Cavalier
Connection lost

Rejoining the realm…

Still unreachable

The connection could not be restored.

Session expired

The server has moved on; the page needs a fresh start.